 Dungeon Crawl Stone Soup version 0.20-a0-507-gc86f373 (webtiles) character file.

3267 hairmachine the Fighter (level 10, -12/110 HPs)
             Began as an Ogre Summoner on Jan 21, 2017.
             Was a High Priest of Okawaru.
             Killed from afar by Erica (20 damage)
             ... with a bolt of poison
             ... on level 8 of the Dungeon.
             The game lasted 01:10:31 (13147 turns).

hairmachine the Fighter (Ogre Summoner)            Turns: 13147, Time: 01:10:38

Health: -12/110    AC:  5    Str: 14    XL:     10   Next: 0%
Magic:  2/14       EV: 14    Int: 19    God:    Okawaru [*****.]
Gold:   396        SH:  0    Dex:  9    Spells: 5/15 levels left

rFire    . . .     SeeInvis .   I - +0 giant club
rCold    . . .     Gourm    +   a - +0 robe
rNeg     . . .     Faith    .   (shield currently unavailable)
rPois    .         Spirit   .   (helmet restricted)
rElec    .         Reflect  .   E - +1 cloak
rCorr    .         Harm     .   (gloves unavailable)
MR       +....                  (boots unavailable)
Stlth    +.........             d - amulet of the gourmand {Gourmand, !d}
Regen    0.3/turn               w - ring of wizardry {wiz+, !d}
                                e - +4 ring of evasion

@: lethally poisoned (-12 -> -32)
A: unfitting armour, tough skin 1
a: Heroism, Finesse, Renounce Religion


You were on level 8 of the Dungeon.
You worshipped Okawaru.
Okawaru was extremely pleased with you.
You were very full.

You visited 2 branches of the dungeon, and saw 9 of its levels.

You collected 396 gold pieces.


Innate Abilities, Weirdness & Mutations

You are too large for most types of armour.
You have tough skin. (AC +1)


   Skills:
 + Level 10.0 Fighting
 + Level 6.6 Maces & Flails
   Level 2.0 Polearms
 - Level 1.7 Dodging
 - Level 1.4 Stealth
 - Level 3.0 Spellcasting
 - Level 7.1 Summonings
 - Level 4.0 Air Magic


You had 5 spell levels left.
You knew the following spells:

 Your Spells              Type           Power        Failure   Level  Hunger
a - Summon Small Mammal   Summ           ####         1%          1    None
b - Call Imp              Summ           ####....     1%          2    ##.....
c - Call Canine Familiar  Summ           ####....     1%          3    ###....
d - Summon Lightning Spi  Summ/Air       ###.....     7%          4    ####...

Inventory:

Hand Weapons
 p - a +4 whip
   (You took it off a kobold on level 7 of the Dungeon)
 C - a +4 morningstar
   (You took it off a wight on level 7 of the Dungeon)
 I - a +0 giant club (weapon)
   (You took it off a two-headed ogre on level 8 of the Dungeon)
Missiles
 k - 11 sling bullets
 n - 65 stones (quivered)
Armour
 a - a +0 robe (worn)
 E - a +1 cloak (worn)
   (You found it on level 7 of the Dungeon)
Jewellery
 d - an amulet of the gourmand (around neck) {Gourmand, !d}
   (You found it on level 1 of the Dungeon)
 e - a +4 ring of evasion (left hand)
   (You found it on level 1 of the Dungeon)
 j - a +3 ring of evasion
   (You found it on level 1 of the Dungeon)
 u - a +3 ring of intelligence {unknown}
   (You found it on level 3 of the Dungeon)
 w - a ring of wizardry (right hand) {wiz+, !d}
   (You found it on level 1 of the Dungeon)
Wands
 y - a wand of flame (14/48)
   (You took it off Dowan on level 4 of the Dungeon)
Scrolls
 g - a scroll of enchant weapon {!r, unknown}
 q - 2 scrolls of identify {!r}
 t - 3 scrolls of teleportation {!r}
 z - 3 scrolls of remove curse {!r}
 D - a scroll of fog {!r}
Potions
 h - a potion of cancellation {!q, unknown}
 i - a potion of magic {!q, unknown}
 l - 2 potions of might {!q, unknown}
 m - 2 potions of ambrosia {!q, unknown}
 o - 2 potions of resistance {!q, unknown}
 r - a potion of invisibility {!q, unknown}
 s - a potion of agility {!q, unknown}
 x - a potion of lignification {!q, unknown}
 A - a potion of brilliance {!q, unknown}
 F - a potion of beneficial mutation {!q, unknown}
 G - a potion of mutation {!q, unknown}
Books
 b - a book of Callings

   Spells                             Type                      Level
   a - Summon Small Mammal            Summoning                    1
   b - Call Imp                       Summoning                    2
   c - Call Canine Familiar           Summoning                    3
   d - Summon Guardian Golem          Hexes/Summoning              3
   e - Summon Lightning Spire         Summoning/Air                4
   f - Summon Ice Beast               Ice/Summoning                4
 v - a book of Minor Magic
   (You found it on level 4 of the Dungeon)

   Spells                             Type                      Level
   a - Magic Dart                     Conjuration                  1
   b - Blink                          Translocation                2
   c - Call Imp                       Summoning                    2
   d - Repel Missiles                 Charms/Air                   2
   e - Slow                           Hexes                        2
   f - Conjure Flame                  Conjuration/Fire             3
   g - Mephitic Cloud                 Conjuration/Poison/Air       3
Comestibles
 c - 11 bread rations
 f - 3 fruits
 B - a royal jelly

Dungeon Overview and Level Annotations

Branches:
Dungeon (8/15)             Temple (1/1) D:4
   Lair: D:8-11

Altars:
Cheibriados
Dithmenos
Fedhas
Gozag
Hepliaklqana
Makhleb
Okawaru
Qazlal
Sif Muna
Trog
Uskayaw
Vehumet
Xom
Yredelemnul
The Shining One

Shops:
D:7 (

Annotations:
D:1 exclusion: downstairs
D:6 Blork the orc, Grinder, Prince Ribbit
D:8 Erica, Grum

#.# ###..........#
#.######....5..)@...#
....)......##...<...#
........#############
.......## ..(.g..##
....รท...##
#..<.....#
#........).#
#......(......
############.. .


You could see a friendly crimson imp.


Message History

The bolt of electricity hits the two-headed ogre. x2
Casting: Call Imp
Confirm with . or Enter, or press ? or * to list all spells.
A shadowy apparition takes form in the air.
* * * LOW MAGIC WARNING * * *
Your hound barely misses the two-headed ogre.
The two-headed ogre barely misses your shadow imp.
The two-headed ogre misses your shadow imp.
Your lightning spire shoots out a bolt of lightning at the two-headed ogre!
The bolt of electricity hits the two-headed ogre.
Your hound closely misses the two-headed ogre.
The two-headed ogre hits your shadow imp with a giant spiked club!!
Your shadow imp dies!
Your hound bites the two-headed ogre.
Your lightning spire shoots out a bolt of lightning at the two-headed ogre!
The bolt of electricity hits the two-headed ogre. x2
Your hound bites the two-headed ogre.
Your lightning spire shoots out a bolt of lightning at the two-headed ogre!
The bolt of electricity hits the two-headed ogre. x2
The bolt of electricity hits your hound.
Your hound bites the two-headed ogre.
The two-headed ogre barely misses your hound.
The two-headed ogre hits your hound with a giant club.
Your hound bites the two-headed ogre.
Erica the Fiery-Tempered comes into view.
She is wielding a scimitar of flaming.
Unknown command.
You gain the combat prowess of a mighty hero.
* * * LOW MAGIC WARNING * * *
Your hound bites the two-headed ogre.
Erica gestures wildly while chanting.
Erica flickers and vanishes!
Deactivating autopickup; reactivate with Ctrl-A.
The two-headed ogre closely misses you. The two-headed ogre misses you.
The two-headed ogre hits your hound with a giant spiked club.
Your hound dies!
Your hound's corpse disappears in a puff of smoke!
The two-headed ogre shouts in stereo!
You bludgeon the two-headed ogre!!
The two-headed ogre is severely wounded.
You closely miss the two-headed ogre.
The two-headed ogre is severely wounded.
The two-headed ogre hits you with a giant spiked club!!
The two-headed ogre hits you with a giant club.
Your crimson imp hits the two-headed ogre but does no damage.
The two-headed ogre hits you with a giant spiked club!!
* * * LOW HITPOINT WARNING * * *
The two-headed ogre closely misses you.
Huge Dmg: -48%(-47hp) hp: 52%(50hp)
Your crimson imp barely misses the two-headed ogre.
The two-headed ogre closely misses you.
The two-headed ogre hits you but does no damage.
Your lightning spire shoots out a bolt of lightning at the two-headed ogre!
The bolt of electricity hits the two-headed ogre.
The two-headed ogre dies!
Okawaru is honoured by your kill.
You can now speed up your combat.
Okawaru will gift you equipment as your piety grows.
Your base Fighting skill increases to level 9!
You closely miss the two-headed ogre.
The two-headed ogre is severely wounded.
The two-headed ogre barely misses you. x2
Unknown command.
You barely miss the two-headed ogre.
The two-headed ogre is severely wounded.
The two-headed ogre hits you with a giant spiked club!
* * * LOW HITPOINT WARNING * * *
The two-headed ogre hits you with a giant club!
* * * LOW HITPOINT WARNING * * *
Huge Dmg: -18%(-17hp) hp: 35%(34hp)
You closely miss the two-headed ogre.
The two-headed ogre is severely wounded.
You thump the two-headed ogre!
The two-headed ogre is almost dead.
The two-headed ogre barely misses you. The two-headed ogre misses you.
You bludgeon the two-headed ogre!!
You kill the two-headed ogre!
Okawaru is honoured by your kill.
Your base Fighting skill increases to level 10!
Your base Maces & Flails skill increases to level 6!
You have reached level 10!
You hear some strange, mumbled words.
An orb of energy appears from out of thin air!
The orb of energy misses you.
You feel like a meek peon again.
Your lightning spire disappears in a puff of smoke!
You hear some strange, mumbled words.
A bolt of poison appears from out of thin air!
The bolt of poison hits you!
You are poisoned.
* * * LOW HITPOINT WARNING * * *
Things that are here:
a giant spiked club; a giant club; a two-headed ogre corpse Huge Dmg: -26%(-29hp) hp: 10%(10hp)
You miss something.
* * * LOW HITPOINT WARNING * * *
You feel sick.
You hear some strange, mumbled words.
A bolt of poison appears from out of thin air!
The bolt of poison hits you!
You are more poisoned.
You die...

Vault maps used:
D:1:      lightli_arrival_noodles, roderic_lattice_a,
          minmay_misc_feat_more_columns, minmay_heptomino_o4
D:2:      nicolae_gozag_seed_capital, first_bread,
          chequers_ecumenical_altar_island, uniq_natasha
D:3:      old_standard_altar, uniq_iyjb
D:4:      minmay_curled_crystal, uniq_duvessa
D:5:      kennysheep_windowed_halls, gammafunk_temple_overflow_pools
D:6:      minivault_5, uniq_blork_the_orc, uniq_prince_ribbit1, uniq_grinder
D:7:      cheibrodos_iron_armory, marbit_many_paths, trog_ov_bears_minmay,
          serial_shops, shop_statue, enter_bailey_2, the_bakery
D:8:      lemuel_doored_altar, minmay_strange_pillars, uniq_pikel, uniq_grum,
          uniq_erica
Temple:   jpeg_temple_island

Notes
Turn   | Place    | Note
-------+----------+-------------------------------------------
     0 | D:1      | hairmachine the Ogre Summoner began the quest for the Orb.
     0 | D:1      | Reached XP level 1. HP: 16/16 MP: 3/3
   496 | D:1      | Reached XP level 2. HP: 23/24 MP: 1/5
   535 | D:1      | Learned a level 2 spell: Call Imp
   764 | D:1      | Reached skill level 1 in Maces & Flails
  1199 | D:1      | Reached XP level 3. HP: 29/31 MP: 6/6
  1216 | D:1      | Learned a level 3 spell: Call Canine Familiar
  1702 | D:2      | Found a faded altar of an unknown god.
  1711 | D:2      | Found an opulent altar of Gozag.
  1759 | D:2      | Noticed Natasha
  1892 | D:1      | Killed Natasha
  2364 | D:2      | Reached XP level 4. HP: 39/39 MP: 3/7
  3578 | D:3      | Found a basalt altar of Yredelemnul.
  4233 | D:3      | Noticed Ijyb
  4285 | D:3      | Killed Ijyb
  4285 | D:3      | Reached XP level 5. HP: 32/46 MP: 3/9
  4417 | D:3      | Reached skill level 1 in Fighting
  5569 | D:3      | Reached skill level 2 in Fighting
  5743 | D:4      | Learned a level 4 spell: Summon Lightning Spire
  5937 | D:4      | Reached skill level 5 in Summonings
  5937 | D:4      | Reached skill level 1 in Air Magic
  5937 | D:4      | Reached XP level 6. HP: 46/59 MP: 10/10
  6027 | D:4      | Found a staircase to the Ecumenical Temple.
  6085 | Temple   | Entered the Ecumenical Temple
  6317 | Temple   | Became a worshipper of Warmaster Okawaru
  6616 | D:4      | Reached skill level 3 in Fighting
  7042 | D:4      | Noticed Duvessa
  7043 | D:4      | Noticed Dowan
  7080 | D:4      | Killed Duvessa
  7097 | D:4      | Killed Dowan
  7097 | D:4      | Reached * piety under Okawaru
  7097 | D:4      | Reached XP level 7. HP: 18/68 MP: 2/11
  7750 | D:5      | Entered Level 5 of the Dungeon
  8616 | D:5      | Found a hide-covered altar of Uskayaw.
  8617 | D:5      | Found a stormy altar of Qazlal.
  8624 | D:5      | Reached skill level 1 in Polearms
  9501 | D:6      | Noticed Grinder
  9502 | D:6      | Paralysed by Grinder for 2 turns
  9908 | D:6      | Noticed Blork the orc
 10205 | D:5      | Reached XP level 8. HP: 72/78 MP: 6/12
 10495 | D:6      | Noticed Prince Ribbit
 10558 | D:5      | Noticed a two-headed ogre
 10946 | D:7      | Found Immituw's Antique Weapon Shop.
 11060 | D:7      | Reached skill level 4 in Fighting
 11097 | D:7      | Reached ** piety under Okawaru
 11129 | D:7      | Reached skill level 5 in Fighting
 12000 | D:7      | Found a bloodstained altar of Trog.
 12078 | D:7      | Reached skill level 6 in Fighting
 12222 | D:7      | Noticed a spriggan baker
 12232 | D:7      | Killed a spriggan baker
 12232 | D:7      | Reached *** piety under Okawaru
 12312 | D:7      | Found a shadowy altar of Dithmenos.
 12364 | D:8      | Noticed a hippogriff
 12364 | D:8      | Noticed a wyvern
 12499 | D:8      | Killed a wyvern
 12499 | D:8      | Reached skill level 7 in Fighting
 12499 | D:8      | Reached XP level 9. HP: 88/93 MP: 8/13
 12540 | D:8      | Noticed a two-headed ogre
 12667 | D:8      | Noticed a two-headed ogre
 12793 | D:8      | Killed a two-headed ogre
 12793 | D:8      | Reached **** piety under Okawaru
 12793 | D:8      | Reached skill level 8 in Fighting
 12793 | D:8      | Reached skill level 5 in Maces & Flails
 12862 | D:8      | Noticed Grum
 13130 | D:8      | Noticed a two-headed ogre
 13137 | D:8      | Noticed Erica
 13140 | D:8      | Killed a two-headed ogre
 13140 | D:8      | Reached ***** piety under Okawaru
 13140 | D:8      | Reached skill level 9 in Fighting
 13145 | D:8      | Killed a two-headed ogre
 13145 | D:8      | Reached skill level 10 in Fighting
 13145 | D:8      | Reached XP level 10. HP: 39/110 MP: 2/14
 13147 | D:8      | Killed from afar by Erica

Vanquished Creatures
  A two-headed ogre (D:8)
  A hippogriff (D:8)
  A spriggan (D:7)
  A black bear (D:7)
  2 wolves
  A centaur (D:5)
  A big kobold (D:7)
  A bullfrog (D:7)
  Dowan (D:4)
  3 wights (D:7)
  2 crimson imps (D:5)
  A howler monkey (D:4)
  A centaur zombie (D:7)
  6 hounds
  An orc priest (D:6)
  A jelly (D:7)
  An iguana (D:5)
  Natasha (D:1)
  2 orc wizards (D:4)
  2 worker ants
  A hound skeleton (D:5)
  A worker ant zombie (D:6)
  2 gnolls
  3 adders
  A shadow imp (D:6)
  4 oozes
  An adder skeleton (D:6)
  A dart slug (D:2)
  9 leopard geckos
  4 orcs
  5 bats
  4 giant cockroaches
  6 goblins
  7 hobgoblins
  5 jackals
  2 quokkas
  A ball python (D:4)
  4 frilled lizards
  A jackal skeleton (D:6)
  10 kobolds
  A quokka skeleton (D:4)
  7 rats
111 creatures vanquished.

Vanquished Creatures (collateral kills)
  2 two-headed ogres (D:8)
  A wyvern (D:8)
  Duvessa (D:4)
  An orc warrior (D:7)
  2 ice beasts (D:7)
  A black bear (D:7)
  A centaur (D:5)
  2 wolves (D:8)
  2 wights (D:7)
  A howler monkey (D:4)
  An orc priest (D:7)
  A hound (D:7)
  Ijyb (D:3)
  2 worker ants (D:4)
  5 gnolls
  3 adders
  A shadow imp (D:5)
  3 worms
  A dart slug (D:2)
  A leopard gecko (D:8)
  7 orcs
  4 giant cockroaches
  2 hobgoblins
  A jackal (D:2)
  9 kobolds
  A quokka (D:3)
  2 bats
  2 frilled lizards (D:1)
  A quokka skeleton (D:8)
  3 rats
65 creatures vanquished.

Grand Total: 176 creatures vanquished

Action                   |  1- 3 |  4- 6 |  7- 9 | 10-12 || total
-------------------------+-------+-------+-------+-------++-------
Melee: Mace              |   100 |   242 |    30 |       ||   372
       Unarmed           |     3 |       |       |       ||     3
       Halberd           |       |       |   118 |       ||   118
       Whip              |       |       |    59 |       ||    59
       Giant club        |       |       |    28 |     1 ||    29
Throw: Stone             |     8 |    27 |    11 |       ||    46
 Cast: Summon Small Mamm |    23 |     9 |    13 |       ||    45
       Call Imp          |     2 |     6 |    10 |       ||    18
       Call Canine Famil |     5 |    22 |    31 |       ||    58
       Summon Lightning  |       |       |    16 |       ||    16
Invok: Heroism           |       |       |     1 |       ||     1
  Use: Scroll            |     1 |     2 |     4 |       ||     7
 Stab: Sleeping          |     1 |     1 |     1 |       ||     3
       Distracted        |       |     1 |     2 |       ||     3
  Eat: Chunk             |     5 |    18 |    29 |       ||    52
       Meat ration       |       |       |     1 |       ||     1
Armor: Robe              |    29 |    65 |    69 |       ||   163
Dodge: Dodged            |    75 |   126 |   195 |     1 ||   397

Skill      XL: |  1  2  3  4  5  6  7  8  9 |
---------------+----------------------------+-----
Summonings     | 4 5 6 7 |  7.1
Maces & Flails | 1 2 4 6 |  6.6
Fighting       | 2 3 7 10 | 10.0
Spellcasting   | 3 |  3.0
Air Magic      | 1 2 3 4 |  4.0
Polearms       | 2 |  2.0
Dodging        | |  1.7
Stealth        | |  1.4
